Map: Nightshade LE

Players

Patience - Winner!

  • Race: Protoss Protoss
  • League: Master
  • Spawn Location: 11:00

DRG

  • Race: Zerg Zerg
  • League: Master
  • Spawn Location: 5:00

VOD

Have the link to the VOD?

Description

Time

  • Played on: Jan. 8, 2020, 5:55 a.m.
  • Length: 10:01
Show
View Real Time Build Order
Export as new Build Order

Patience Protoss - Winner!

Build Orders: Oracle Opening, Phoenix Opening 

Get SALT Encoding   

  12  0:00  Probe  
  13  0:12  Probe  
  14  0:21  Pylon  
  14  0:24  Probe (Chrono Boost)  
  15  0:39  Gateway  
  15  0:41  Probe (Chrono Boost)  
  16  0:46  Probe (Chrono Boost)  
  17  0:50  Assimilator  
  17  0:56  Probe  
  18  1:09  Probe  
  19  1:15  Pylon  
  19  1:21  Probe  
  20  1:27  Cybernetics Core, Zealot (Chrono Boost)  
  20  1:31  Pylon  
  22  1:34  Probe  
  23  1:45  Zealot (Chrono Boost)  
  25  1:53  Cybernetics Core  
  25  1:58  Probe  
  26  2:04  Assimilator  
  26  2:11  Adept  
  26  2:12  Warp Gate  
  28  2:16  Probe  
  28  2:20  Pylon  
  29  2:28  Probe  
  30  2:38  Stargate  
  30  2:40  Probe  
  30  2:43  Stalker  
  33  3:02  Nexus  
  33  3:07  Probe  
  34  3:20  Oracle (Chrono Boost)  
  34  3:24  Probe  
  38  3:28  Pylon  
  38  3:33  Pylon  
  38  3:36  Probe  
  39  3:48  Probe  
  40  3:51  Phoenix (Chrono Boost)  
  40  3:59  Twilight Council  
  40  4:00  Probe  
  41  4:13  Probe (Chrono Boost)  
  41  4:15  Gateway  
  43  4:17  Probe (Chrono Boost)  
  44  4:24  Probe (Chrono Boost)  
  44  4:26  Probe (Chrono Boost)  
  44  4:29  Probe (Chrono Boost)  
  46  4:31  Probe (Chrono Boost)  
  46  4:34  Resonating Glaives (Chrono Boost)  
  47  4:39  Probe  
  47  4:41  Gateway  
  47  4:45  Gateway  
  48  4:50  Gateway  
  48  4:52  Probe  
  49  4:53  Sentry  
  49  4:55  Probe  
  52  5:02  Pylon  
  52  5:04  Probe  
  53  5:07  Probe  
  54  5:16  Probe  
  54  5:19  Probe  
  54  5:21  Adept x2  
  60  5:24  Assimilator  
  60  5:27  Assimilator  
  60  5:28  Probe  
  59  5:46  Adept x3  
  59  5:49  Adept x2  
  69  5:55  Probe x2  
  71  5:57  Robotics Facility  
  71  6:12  Adept x3  
  71  6:15  Pylon  
  71  6:16  Nexus  
  75  6:20  Adept  
  75  6:21  Adept  
  67  6:42  Adept x5  
  67  6:43  Pylon  
  67  6:46  Dark Shrine  
  77  6:54  Warp Prism (Chrono Boost)  
  67  7:11  Adept x5  
  69  7:22  Probe x2  
  71  7:37  Adept x5  
  73  7:39  Probe  
  73  7:40  Probe  
  73  7:41  Probe  
  73  7:42  Shield Battery  
  84  7:44  Forge  
  80  8:04  Dark Templar x3  
  80  8:05  Dark Templar x2  
  86  8:10  Charge  
  78  8:21  Probe x3  
  77  8:33  Probe  
  72  8:35  Stargate  
  72  8:37  Stargate  
  72  8:40  Pylon  
  70  8:42  Photon Cannon x2  
  70  8:44  Adept  
  70  8:45  Adept  
  74  8:53  Pylon  
  74  9:00  Zealot  
  78  9:03  Assimilator  
  78  9:05  Phoenix (Chrono Boost)  
  78  9:06  Assimilator  
  78  9:07  Shield Battery  
  78  9:12  Photon Cannon  
  78  9:14  Shield Battery  
  78  9:16  Photon Cannon  
  76  9:21  Phoenix x2 (Chrono Boost)  
  76  9:24  Phoenix (Chrono Boost)  
  80  9:37  Phoenix x2 (Chrono Boost)  
Show
View Real Time Build Order
Export as new Build Order

DRG Zerg 

Build Orders: Pool First 

Get SALT Encoding   

  12  0:16  Spawning Pool  
  11  0:22  Drone  
  11  0:26  Drone  
  13  0:31  Drone  
  14  0:39  Overlord  
  14  1:03  Zergling x4  
  16  1:05  Zergling x2  
  17  1:15  Zergling x2  
  18  1:28  Zergling x2  
  18  1:30  Queen  
  21  1:38  Overlord  
  21  2:00  Drone x2  
  23  2:06  Queen  
  25  2:14  Drone  
  26  2:18  Extractor  
  26  2:21  Drone  
  26  2:26  Hatchery  
  25  2:31  Drone  
  26  2:40  Overlord  
  26  2:41  Drone x2  
  26  2:42  Queen  
  30  2:58  Drone  
  30  2:59  Drone  
  32  3:10  Hatchery  
  31  3:13  Drone  
  31  3:16  Drone  
  31  3:18  Drone  
  34  3:24  Metabolic Boost  
  34  3:30  Drone  
  34  3:32  Drone  
  36  3:36  Drone  
  37  3:45  Drone x2  
  38  3:49  Drone  
  38  3:52  Drone x2  
  41  3:56  Drone  
  41  3:57  Drone  
  43  4:04  Spore Crawler  
  43  4:07  Spore Crawler  
  41  4:12  Drone x2  
  41  4:13  Drone  
  44  4:21  Overlord  
  44  4:23  Drone x2  
  46  4:28  Drone x2  
  46  4:29  Drone  
  48  4:33  Evolution Chamber  
  48  4:36  Overlord  
  47  4:39  Drone  
  47  4:40  Drone  
  47  4:43  Drone  
  50  4:45  Spore Crawler  
  50  4:48  Overlord  
  50  4:51  Drone  
  50  5:01  Zerg Melee Weapons Level 1, Overlord x2  
  50  5:05  Overlord  
  50  5:13  Drone x6  
  53  5:15  Drone  
  53  5:16  Drone  
  53  5:17  Drone  
  53  5:21  Drone x2  
  58  5:24  Drone  
  58  5:25  Drone x2  
  61  5:31  Zergling x8  
  65  5:36  Zergling x2  
  65  5:40  Zergling x2  
  65  5:41  Zergling x2, Baneling Nest  
  66  5:43  Queen  
  66  5:47  Zergling x2  
  68  5:51  Zergling x2  
  68  5:54  Zergling x8  
  68  5:56  Overlord  
  73  5:57  Queen  
  73  5:58  Extractor  
  73  6:00  Extractor  
  73  6:01  Zergling x6  
  76  6:08  Zergling x6  
  73  6:22  Zergling x12  
  73  6:23  Zergling x2  
  76  6:30  Zergling x8  
  76  6:36  Zergling x8  
  78  6:41  Lair  
  78  6:43  Baneling x4  
  78  6:50  Drone x4  
  82  6:57  Zergling x14  
  83  7:06  Drone x3  
  84  7:14  Drone  
  81  7:16  Extractor, Drone x2  
  81  7:19  Extractor  
  81  7:20  Extractor  
  81  7:22  Drone x3  
  83  7:28  Drone x3  
  86  7:36  Baneling x3  
  86  7:37  Drone x4, Baneling  
  86  7:39  Zerg Melee Weapons Level 2  
  86  7:43  Spire  
  89  7:49  Zergling x4  
  85  7:56  Zergling x10  
  76  8:00  Zergling x6  
  76  8:04  Zergling x6  
  77  8:09  Zergling x2  
  77  8:10  Zergling x2  
  78  8:12  Overseer  
  78  8:16  Zergling x2  
  78  8:19  Zergling x2  
  74  8:29  Drone x7  
  75  8:43  Drone x2  
  75  8:47  Hatchery  
  76  8:49  Roach Warren  
  74  8:56  Mutalisk  
  74  8:57  Mutalisk x2  
  77  9:03  Mutalisk x2  
  77  9:08  Mutalisk  
  80  9:13  Mutalisk x2  
  83  9:24  Overlord x3  
  82  9:41  Overlord  
Tags
 
Add a new tag
Caveats
  • Supply blocks, unpowered buildings, or Contaminate may cause inaccurate times.
  • Supply counts are checked every 10 seconds.